 Dungeon Crawl Stone Soup version 0.19-a0-1732-g0b18a7b (webtiles) character file.

78 4thArraOfDagon the Slasher (level 4, -2/41 HPs)
             Began as a Minotaur Monk on Sept 30, 2016.
             Slain by an ogre
             ... wielding a +0 giant spiked club
              (17 damage)
             ... on level 4 of the Dungeon.
             The game lasted 00:02:10 (636 turns).

4thArraOfDagon the Slasher (Minotaur Monk)           Turns: 636, Time: 00:02:10

Health: -2/41      AC:  6    Str: 12 (15) XL:     4   Next: 15%
Magic:  3/3        EV: 10    Int:  4 (7)  God:
Gold:   103        SH:  0    Dex: 13 (14) Spells: 0 memorised, 3 levels left

rFire  . . .     SeeInvis .     a - +0 falchion
rCold  . . .     Gourm    +     d - +0 scale mail
rNeg   . . .     Faith    .     (no shield)
rPois  .         Spirit   .     (helmet restricted)
rElec  .         Dismiss  .     (no cloak)
rCorr  .         Reflect  .     (no gloves)
MR     .....     Harm     .     (no boots)
Stlth  ..........               i - amulet of the gourmand
                                (no ring)
                                (no ring)

@: no status effects
A: retaliatory headbutt, horns 2
a: no special abilities


You were on level 4 of the Dungeon.
You were not hungry.

You visited 1 branch of the dungeon, and saw 4 of its levels.

You collected 103 gold pieces.

Inventory:

Hand Weapons
 a - a +0 falchion (weapon)
Armour
 b - a +0 robe
 d - a +0 scale mail (worn)
Jewellery
 i - an amulet of the gourmand (around neck)
Scrolls
 e - a scroll of remove curse
 g - a scroll of identify
Comestibles
 c - 2 bread rations
 f - a beef jerky


   Skills:
 + Level 4.3 Fighting
 * Level 4.7 Long Blades
 + Level 1.4 Armour
 + Level 3.8 Dodging
 - Level 1.5 Stealth


You had 3 spell levels left.
You didn't know any spells.

Dungeon Overview and Level Annotations

Branches:
Dungeon (4/15)
 Temple: D:4-7

Altars:
Qazlal
Uskayaw

Annotations:
D:3 Ijustatesigmund's ghost, weakling SpWz


Innate Abilities, Weirdness & Mutations

You reflexively headbutt those who attack you in melee.
You have a pair of horns on your head.


Message History

You see here a mace.
Unknown command.
Things that are here:
a flail; a leather armour; a dagger
Found 16 gold pieces.
Unknown command.
Found 19 stones.
Unknown command.
You see here 16 gold pieces.
Found 12 stones.
There is an escape hatch in the ceiling here.
Found 17 stones.
As you read the scroll labeled SETUEJUQIU, it crumbles to dust.
You feel blessed for a moment.
It was a scroll of remove curse.
The ogre closely misses you.
As you read the scroll labeled ZAMUHE EZ USU, it crumbles to dust.
It is a scroll of identify.
You don't have any unidentified items.
The ogre hits you with a giant spiked club!
You die...

######.##
######.......######
#.............<...#
#$####.......####.#
#.# ##.#.......#.#
#.# #.#.......#.#
#.# #.........#.#
.#.#######)......#.#
...#....).......@#.#
.....####........O.#
...### #.####..#..#
.... #.####..#..#
...# #.......#(.#
#### ######.##..#
####.....#..#
#........####
#.##.###.#


You could see an ogre.

Vanquished Creatures
  An orc priest (D:4)
  2 adders
  A dart slug (D:2)
  4 orcs
  A giant cockroach (D:3)
  3 goblins (D:3)
  3 hobgoblins
  3 jackals (D:2)
  A quokka (D:2)
  A ball python (D:2)
  A frilled lizard (D:4)
  4 kobolds
  A rat (D:3)
26 creatures vanquished.

Notes
Turn   | Place    | Note
-------+----------+-------------------------------------------
     0 | D:1      | 4thArraOfDagon the Minotaur Monk began the quest for the Orb.
     0 | D:1      | Reached XP level 1. HP: 19/19 MP: 0/0
     6 | D:1      | Noticed a komodo dragon
     6 | D:1      | Noticed a worker ant
     6 | D:1      | Noticed an ettin
    64 | D:2      | Found a hide-covered altar of Uskayaw.
    65 | D:2      | Noticed a dagger
    66 | D:2      | Noticed a dagger
    98 | D:2      | Reached XP level 2. HP: 10/27 MP: 1/1
   317 | D:3      | Reached XP level 3. HP: 29/33 MP: 2/2
   426 | D:3      | Found a stormy altar of Qazlal.
   431 | D:3      | Reached skill level 1 in Armour
   531 | D:3      | Noticed Ijustatesigmund's ghost (weakling SpWz)
   590 | D:4      | Reached XP level 4. HP: 11/41 MP: 3/3
   597 | D:4      | Noticed an ogre
   636 | D:4      | Slain by an ogre

Vault maps used:
D:1:      onia_arrival_zoo_common, minmay_tall_x
D:2:      dancing_weapons_uskayaw, gammafunk_temple_overflow_elements,
          hex_medium
D:3:      nicolae_overflow_hidden_temple, overflow_temple_1_default
D:4:      kennysheep_mini_moat, kennysheep_little_box, first_bread, uniq_grinder

Skill      XL: |  1  2  3 |
---------------+----------+-----
Fighting       | 4 |  4.3
Long Blades    | 4 |  4.7
Armour         | 1 |  1.4
Dodging        | |  3.8
Stealth        | |  1.5

Action                   |  1- 3 |  4- 6 || total
-------------------------+-------+-------++-------
Melee: Falchion          |    73 |     5 ||    78
       Headbutt          |    12 |     2 ||    14
  Use: Potion            |     1 |       ||     1
       Scroll            |       |     2 ||     2
Armor: Scale mail        |    29 |     1 ||    30
Dodge: Dodged            |    25 |     2 ||    27
